AoeStats
← StarchyAutumn14

Arabian Desert

510570073Analyzed
1v1 RM · 1d ago on Oct 1, 2026· 50m 51s· 2 players
Game mode
Random Map
Map size
Tiny (2 player)
Population
200
Speed
Normal
Resources
Standard
Victory
Conquest
Starting age
Dark Age
Ending age
Imperial Age
RankedLock teamsTeams togetherTeam positionsShared explorationLock speedFull tech treeHidden civsTurbo modeCheats
Victory
Defeat
🇪🇪 Khmer · Estonia
682
+14
🇷🇸 Franks · Serbia
642
-14
StarchyAutumn14
10:27 Feudal Age
8:43 Loom
11:10 Double-Bit Axe
11:11 Horse Collar
13:15 Wheelbarrow
19:42 Forging
19:25 Fletching
23:25 Castle Age
24:23 Bow Saw
26:35 Heavy Plow
27:36 Pikeman
31:06 Crossbowman
31:59 Arson
34:20 Hand Cart
33:56 Town Watch
34:56 Murder Holes
35:22 Ballistics
39:59 Imperial Age
39:50 Iron Casting
39:16 Scale Mail Armor
40:33 Bodkin Arrow
41:41 Blast Furnace
43:31 Chemistry
42:01 Halberdier
44:07 Chain Mail Armor
45:51 Arbalester
47:33 Bracer
47:33 Padded Archer Armor
vladablazic1
6:21 Loom
10:20 Feudal Age
11:49 Wheelbarrow
11:03 Double-Bit Axe
21:23 Forging
21:20 Scale Barding Armor
25:52 Castle Age
27:36 Hand Cart
27:34 Bow Saw
27:49 Town Watch
28:50 Husbandry
28:43 Fletching
29:29 Iron Casting
29:00 Gold Mining
29:03 Stone Mining
29:51 Fortified Wall
29:53 Murder Holes
30:59 Bodkin Arrow
33:12 Gold Shaft Mining
35:14 Ballistics
40:40 Town Patrol
44:32 Imperial Age
42:24 Padded Archer Armor
43:08 Light Cavalry
47:58 Chemistry
47:10 Masonry
47:11 Fortified Wall
Connection lost

Rejoining the realm…

Still unreachable

The connection could not be restored.

Session expired

The server has moved on; the page needs a fresh start.